Map: Beckett Industries LE

Players

DangerZone - Winner!

  • Race: Terran Terran
  • League: Diamond

ViBE

  • Race: Zerg Zerg
  • League: Diamond

VOD

Have the link to the VOD?

Description

Time

  • Played on: April 21, 2021, 10:18 p.m.
  • Length: 34:58
Show
View Real Time Build Order
Export as new Build Order

DangerZone Terran - Winner!

Build Orders: Hellion Opening, Reaper Expand, Mech 

Get SALT Encoding   

  12  0:00  SCV  
  13  0:12  SCV  
  14  0:17  Supply Depot  
  14  0:24  SCV  
  15  0:39  SCV  
  15  0:41  Barracks  
  16  0:45  Refinery  
  16  0:51  SCV  
  17  1:03  SCV  
  18  1:15  SCV  
  19  1:28  Reaper, Orbital Command  
  20  1:42  Command Center  
  20  1:53  Supply Depot  
  20  1:54  SCV  
  20  2:00  Marine  
  22  2:06  SCV  
  23  2:10  Factory  
  23  2:15  Refinery  
  23  2:19  SCV  
  24  2:24  Barracks Reactor  
  24  2:31  SCV  
  25  2:43  SCV  
  26  2:55  Starport, SCV, Orbital Command  
  27  3:07  SCV  
  27  3:08  Hellion x2  
  32  3:13  Marine  
  32  3:19  SCV  
  34  3:22  SCV  
  35  3:28  Supply Depot  
  35  3:29  Hellion  
  35  3:30  Hellion  
  35  3:31  SCV  
  40  3:34  SCV  
  40  3:40  Fusion Core  
  41  3:42  Starport Tech Lab  
  41  3:43  SCV  
  41  3:46  SCV  
  43  3:51  Hellion x2  
  43  3:55  Supply Depot  
  47  3:56  SCV  
  47  3:58  SCV  
  49  4:10  SCV x2  
  51  4:21  Supply Depot  
  51  4:22  SCV x2  
  53  4:26  Battlecruiser  
  59  4:34  SCV  
  59  4:35  SCV  
  59  4:36  Command Center  
  60  4:40  Hellion  
  60  4:43  Hellion  
  64  4:48  Supply Depot  
  64  4:50  SCV x2  
  66  4:52  Refinery  
  66  4:54  Refinery  
  66  5:02  SCV  
  66  5:03  SCV  
  64  5:10  Hellion x2  
  60  5:14  SCV  
  60  5:15  SCV, Weapon Refit  
  60  5:19  Supply Depot  
  62  5:27  SCV x2  
  64  5:31  Battlecruiser  
  64  5:34  Hellion  
  64  5:35  Hellion  
  74  5:39  SCV x2  
  76  5:49  Factory  
  76  5:51  SCV x2  
  76  5:52  Refinery  
  76  5:56  Refinery, Hellion x2  
  82  6:03  SCV x2  
  76  6:09  Orbital Command  
  76  6:15  SCV x2  
  78  6:18  Armory, Factory  
  78  6:20  Hellion x2, Factory  
  82  6:27  SCV  
  83  6:33  Supply Depot  
  83  6:38  Battlecruiser  
  89  6:42  Factory Tech Lab  
  89  6:43  SCV x3  
  92  6:55  SCV x3  
  95  7:05  Infernal Pre-Igniter  
  95  7:06  Factory Tech Lab x2  
  95  7:07  SCV x3, Siege Tank  
  95  7:08  Terran Vehicle Weapons Level 1  
  101  7:16  Command Center  
  101  7:19  SCV x2, Supply Depot  
  101  7:20  Supply Depot  
  101  7:21  Supply Depot  
  103  7:25  Mag-Field Accelerator  
  103  7:26  Cyclone, Siege Tank  
  109  7:40  SCV x3, Siege Tank  
  109  7:41  Engineering Bay  
  115  7:49  Battlecruiser  
  121  7:57  Hellion x2  
  125  7:58  Siege Tank x2  
  125  8:02  Supply Depot x2  
  125  8:03  Supply Depot  
  125  8:05  Supply Depot  
  131  8:10  Sensor Tower, Missile Turret  
  131  8:16  Missile Turret  
  131  8:19  Missile Turret  
  131  8:23  Siege Tank  
  134  8:27  Orbital Command  
  128  8:35  Siege Tank x2  
  128  8:37  Hellion  
  128  8:38  Hellion  
  138  8:43  Missile Turret  
  138  8:48  Refinery  
  138  8:50  Command Center  
  138  8:59  Hellion x2  
  138  9:02  Battlecruiser  
  138  9:04  Siege Tank  
  138  9:07  SCV, Hellion, Siege Tank  
  141  9:19  SCV  
  141  9:20  Terran Vehicle Weapons Level 2, Hellion x2  
  146  9:26  Armory, Missile Turret  
  146  9:28  Missile Turret  
  146  9:29  Hellion, Missile Turret  
  148  9:31  SCV  
  148  9:36  Hellion  
  151  9:39  Hellion  
  151  9:41  Hellion  
  151  9:42  Hellion  
  151  9:44  SCV  
  158  9:50  Hellion  
  160  9:56  SCV  
  160  9:58  Refinery, Hellion  
  163  10:01  Hellion  
  163  10:03  Hellion x2  
  163  10:05  Starport  
  163  10:06  Starport, Battlecruiser  
  175  10:08  Orbital Command, SCV  
  175  10:11  Hellion  
  175  10:13  Missile Turret  
  178  10:19  Hellion  
  178  10:20  SCV  
  181  10:23  Terran Vehicle And Ship Armor Level 1  
  181  10:29  Orbital Command  
  181  10:32  SCV  
  182  10:43  Starport Tech Lab  
  182  10:44  Starport Tech Lab, SCV  
  182  10:49  Command Center  
  183  10:56  SCV  
  180  10:57  Missile Turret x2  
  180  11:09  Battlecruiser x2  
  180  11:10  Battlecruiser  
  198  11:26  SCV  
  198  11:30  Sensor Tower  
  198  11:32  Missile Turret  
  199  11:38  SCV  
  200  11:42  Terran Ship Weapons Level 1  
  200  11:44  Armory  
  200  11:47  Missile Turret  
  200  11:48  Missile Turret  
  200  11:53  Command Center  
  200  11:58  Refinery  
  200  12:00  Refinery  
  198  12:05  SCV  
  199  12:17  SCV  
  179  12:39  Terran Vehicle And Ship Armor Level 2  
  179  12:40  Terran Vehicle Weapons Level 3  
  179  13:04  Orbital Command  
  179  13:13  Hellion  
  179  13:14  Hellion  
  179  13:18  Hellion x3  
  175  13:20  Orbital Command  
  175  13:35  Hellion x2  
  175  13:38  Battlecruiser x3  
  175  13:39  Hellion  
  199  13:42  Orbital Command  
  199  13:47  Hellion x2  
  186  13:56  Hellion x2  
  186  13:58  Command Center  
  186  14:00  Hellion  
  192  14:03  Terran Ship Weapons Level 2  
  192  14:08  Hellion  
  192  14:09  Hellion  
  179  14:18  Hellion x2  
  179  14:22  Hellion  
  179  14:27  Orbital Command  
  179  14:30  Hellion x2  
  183  14:35  SCV x5  
  188  14:39  Hellion  
  188  14:42  Battlecruiser  
  196  14:46  Hellion x2  
  196  14:48  Hellion x3  
  196  14:49  Hellion  
  193  15:03  Terran Vehicle And Ship Armor Level 3  
  187  15:22  Cyclone x3  
  188  15:54  Cyclone x3  
  197  16:26  Cyclone  
  200  16:33  Hellion x9  
  195  16:58  Terran Ship Weapons Level 3  
  195  17:00  Starport x2  
  195  17:07  Missile Turret  
  195  17:08  Missile Turret  
  189  17:36  Thor x2  
  189  17:37  Thor  
  195  17:57  Hellion x2  
  178  18:11  Starport Tech Lab x2, Battlecruiser x3  
  196  18:18  Hellion x2  
  200  18:40  Smart Servos  
  194  18:58  Thor x2  
  194  19:01  Thor  
  196  19:09  Battlecruiser x2  
  188  19:41  Thor x2  
  188  19:42  Refinery  
  188  19:45  Refinery, Battlecruiser  
  200  20:10  Orbital Command  
  194  20:25  Siege Tank x2  
  188  20:29  Thor  
  196  20:35  Hellion  
  196  20:36  Hellion  
  200  20:57  Hellion x2  
  194  21:07  Hellion x2  
  186  21:12  Hellion  
  198  21:18  Hellion x2, Battlecruiser x2  
  198  21:29  Hellion  
  200  21:33  Hellion  
  200  21:39  Hellion  
  194  21:40  Hellion x8  
  194  21:42  Battlecruiser x2  
  195  21:58  Hellion x2  
  197  22:29  Hellion  
  189  22:30  Hellion x4  
  189  22:31  Orbital Command  
  189  22:37  Hi-Sec Auto Tracking  
  193  22:38  Missile Turret  
  193  22:39  Missile Turret  
  193  22:40  Missile Turret  
  178  22:51  Hellion x4  
  180  22:52  Hellion  
  180  22:53  Battlecruiser x2  
  180  22:58  Refinery x2  
  196  23:00  Sensor Tower  
  193  23:12  Hellion x2  
  199  23:13  Hellion x2  
  199  23:14  Hellion  
  199  23:17  Battlecruiser x3  
  195  23:20  Orbital Command  
  195  23:33  Neosteel Armor  
  195  23:34  Hellion x2  
  199  23:35  Hellion  
  179  23:45  Hellion x2  
  183  23:55  Hellion x2, Corvid Reactor  
  187  23:57  Hellion  
  189  24:06  Hellion  
  189  24:07  Hellion  
  193  24:16  Hellion  
  193  24:17  Hellion  
  188  24:26  Battlecruiser x2  
  188  24:31  Hellion x3  
  184  24:38  Hellion x2  
  185  24:43  Command Center  
  183  24:53  Hellion x7  
  183  25:02  Hellion  
  183  25:03  Hellion  
  183  25:11  Siege Tank  
  183  25:12  Siege Tank x2  
  174  25:43  Siege Tank  
  174  25:44  Siege Tank  
  174  26:05  Orbital Command  
  174  26:07  Hellion x7  
  174  26:13  Thor  
  174  26:15  Hellion x2, Thor x2  
  186  26:51  Command Center  
  182  26:54  Command Center  
  182  27:00  Hellion x2  
  182  27:01  Hellion x3  
  172  27:21  Thor  
  172  27:22  Hellion x2, Thor x2  
  194  27:43  Hellion x2  
  198  27:52  Sensor Tower  
  198  28:04  Hellion  
  200  28:08  Hellion x2  
  200  28:09  Hellion  
  200  28:12  Missile Turret  
  200  28:13  Missile Turret  
  187  28:21  Orbital Command  
  187  28:24  Hellion  
  187  28:25  Hellion x2  
  186  28:52  Missile Turret  
  186  28:53  Missile Turret  
  184  29:01  Battlecruiser  
  186  29:13  Refinery  
  186  29:17  Refinery  
  186  29:21  Planetary Fortress  
  178  29:25  Missile Turret x2  
  178  29:26  Missile Turret  
  170  29:53  Hellion x5  
  180  30:14  Hellion x3  
  180  30:15  Hellion x3  
  180  30:16  Hellion  
  190  30:35  Hellion  
  190  30:36  Hellion x4  
  196  30:56  Hellion x4  
  190  31:07  Hellion x2  
  190  31:08  Hellion  
  188  31:54  Sensor Tower  
  188  31:55  Missile Turret  
  188  31:56  Missile Turret  
  194  32:15  Battlecruiser x2  
  196  32:38  Orbital Command  
  190  32:59  Hellion x2  
  190  33:00  Hellion  
  190  33:01  Hellion x2  
  190  33:03  Raven x2  
  153  33:20  Hellion x2  
  149  33:34  Thor x2  
  159  33:45  Cyclone  
  162  33:54  Hellion x20  
  152  34:07  Raven  
  154  34:17  Cyclone x3  
  154  34:18  Hellion x2  
Show
View Real Time Build Order
Export as new Build Order

ViBE Zerg 

Build Orders: Hatch First, Swarm Host 

Get SALT Encoding   

  12  0:09  Drone  
  12  0:13  Overlord  
  13  0:19  Drone  
  14  0:32  Drone x2  
  16  0:51  Hatchery  
  16  0:54  Drone  
  16  0:58  Drone  
  17  1:05  Drone  
  18  1:14  Extractor  
  17  1:18  Spawning Pool  
  17  1:20  Drone  
  17  1:25  Drone  
  18  1:42  Drone  
  19  1:49  Drone  
  20  2:05  Zergling x2  
  20  2:06  Queen x2, Zergling x2  
  26  2:14  Metabolic Boost  
  26  2:20  Drone x2  
  28  2:26  Spore Crawler  
  28  2:29  Drone  
  28  2:35  Hatchery  
  28  2:41  Overlord  
  28  2:51  Overlord  
  27  2:59  Drone, Queen  
  27  3:01  Drone x3  
  27  3:03  Drone  
  34  3:10  Drone  
  35  3:16  Drone  
  36  3:22  Drone  
  36  3:27  Drone x4  
  38  3:32  Drone  
  42  3:36  Overlord  
  42  3:42  Drone  
  42  3:47  Queen, Overlord  
  42  3:48  Queen  
  47  3:51  Zergling x2  
  47  3:52  Zergling x2  
  49  3:56  Zergling x8  
  53  4:05  Overlord  
  53  4:20  Drone x11  
  64  4:26  Queen  
  64  4:28  Queen  
  64  4:29  Lair  
  68  4:39  Baneling Nest  
  67  4:49  Roach Warren  
  67  4:50  Zergling x10  
  60  5:11  Drone x8  
  66  5:21  Overlord x4  
  66  5:27  Overlord  
  66  5:31  Spore Crawler  
  66  5:32  Spore Crawler  
  66  5:33  Spore Crawler  
  63  5:43  Drone  
  63  5:44  Drone x5  
  68  6:01  Drone x9  
  70  6:07  Glial Reconstitution  
  70  6:09  Extractor  
  69  6:11  Overseer, Hydralisk Den  
  69  6:13  Infestation Pit  
  67  6:21  Drone x8  
  75  6:32  Drone  
  76  6:33  Drone x6, Extractor  
  76  6:34  Extractor  
  79  6:49  Grooved Spines  
  79  6:50  Queen x2  
  79  6:51  Queen  
  83  6:57  Drone x8  
  83  6:58  Hydralisk x2  
  89  7:16  Hatchery  
  89  7:19  Drone x3  
  89  7:21  Drone x2  
  89  7:22  Drone x5, Extractor, Overlord x3  
  97  7:23  Extractor  
  95  7:33  Drone x2  
  95  7:36  Evolution Chamber x2  
  89  8:02  Zerg Missile Weapons Level 1, Zerg Melee Weapons Level 1  
  89  8:03  Hydralisk x8  
  105  8:06  Overlord  
  105  8:07  Hatchery  
  104  8:26  Queen  
  104  8:29  Extractor  
  104  8:30  Drone  
  104  8:33  Swarm Host x6  
  122  8:34  Overlord  
  122  8:35  Overlord x4  
  114  8:55  Drone x2  
  114  8:56  Drone x5  
  108  9:04  Drone x4  
  112  9:12  Drone  
  112  9:14  Drone x2  
  111  9:30  Drone x2  
  111  9:31  Drone x5  
  116  9:37  Hydralisk  
  116  9:38  Hydralisk x3  
  117  9:39  Queen, Muscular Augments  
  117  9:40  Queen x2  
  117  9:41  Queen  
  122  9:51  Spore Crawler  
  122  9:52  Hydralisk x9  
  121  9:59  Drone x3  
  140  10:02  Spore Crawler  
  139  10:16  Drone x5  
  139  10:17  Drone x6  
  139  10:18  Extractor  
  139  10:19  Extractor  
  148  10:28  Hatchery  
  147  10:41  Overlord x5  
  147  10:42  Overlord x3  
  147  10:51  Swarm Host x7  
  164  11:10  Swarm Host x2  
  162  11:15  Swarm Host  
  163  11:37  Hydralisk x2  
  163  11:38  Hydralisk x16  
  199  11:40  Hive  
  199  11:41  Drone  
  200  11:51  Zerg Melee Weapons Level 2, Zerg Missile Weapons Level 2  
  194  12:29  Hydralisk x12  
  200  12:48  Spine Crawler  
  200  12:49  Spine Crawler  
  200  12:50  Spine Crawler x2  
  200  12:51  Spine Crawler  
  195  12:52  Spine Crawler x2  
  195  12:54  Drone x3, Spine Crawler  
  195  12:56  Drone x5  
  200  12:59  Spine Crawler  
  200  13:01  Spine Crawler  
  200  13:02  Spore Crawler  
  191  13:34  Drone x3  
  191  13:35  Drone x4  
  191  13:37  Extractor  
  191  13:38  Extractor, Drone x4  
  184  14:15  Hydralisk x19  
  184  14:16  Hydralisk  
  198  14:19  Hydralisk  
  198  14:20  Hydralisk x8  
  198  14:23  Queen  
  186  14:25  Hydralisk x3  
  186  14:30  Zerg Missile Weapons Level 3, Zerg Ground Armor Level 1  
  186  14:44  Hydralisk x8  
  198  14:57  Hatchery  
  178  15:46  Drone x17, Extractor  
  178  15:47  Drone x5  
  178  15:48  Drone  
  200  15:59  Spore Crawler  
  199  16:15  Spore Crawler  
  199  16:16  Spore Crawler  
  196  16:23  Hatchery x2  
  192  16:32  Spore Crawler  
  190  16:34  Spore Crawler  
  190  16:39  Drone, Spore Crawler  
  185  16:40  Drone x4  
  185  16:42  Drone  
  185  16:43  Spire  
  186  16:49  Queen  
  186  16:50  Drone x5  
  186  16:51  Drone  
  194  16:55  Drone x2  
  194  16:56  Drone x3  
  194  16:58  Drone  
  200  17:30  Spore Crawler  
  200  17:32  Spine Crawler  
  191  17:54  Swarm Host x3  
  184  18:11  Spore Crawler x2  
  184  18:12  Spine Crawler x2, Spore Crawler  
  180  18:14  Zerg Ground Armor Level 2, Zerg Melee Weapons Level 3  
  180  18:15  Zerg Flyer Armor Level 1  
  180  18:17  Hydralisk  
  180  18:18  Hydralisk x9  
  199  18:20  Drone  
  200  18:31  Extractor  
  193  19:01  Drone x3  
  193  19:02  Drone x3  
  199  19:03  Drone  
  200  19:15  Spore Crawler  
  200  19:16  Spore Crawler  
  198  19:24  Hydralisk  
  200  19:34  Swarm Host x2  
  174  20:29  Corruptor x9  
  174  20:30  Corruptor x4  
  194  20:52  Zerg Ground Armor Level 3  
  194  20:56  Corruptor x4  
  194  20:57  Hatchery  
  154  21:19  Hydralisk x3  
  154  21:20  Hydralisk x11, Spire  
  160  21:42  Drone x10  
  160  21:45  Hatchery  
  167  21:51  Drone  
  168  22:16  Hydralisk x15  
  164  23:11  Hydralisk x11  
  164  23:12  Hydralisk x4  
  158  23:23  Hydralisk x4  
  138  23:50  Drone  
  138  23:51  Drone x9  
  122  24:35  Corruptor x9  
  135  24:42  Corruptor x2  
  126  25:26  Swarm Host  
  120  26:02  Hydralisk x4  
  120  26:03  Hydralisk x11  
  130  26:15  Zerg Flyer Armor Level 2  
  130  26:20  Hydralisk x5  
  140  26:29  Hatchery  
  119  27:06  Hydralisk x9  
  137  27:21  Hatchery  
  136  27:26  Queen  
  138  28:02  Drone  
  138  28:03  Drone x11  
  128  29:05  Extractor  
  128  29:08  Extractor  
  126  29:15  Corruptor x3  
  126  29:16  Corruptor x3  
  138  29:21  Zerg Flyer Weapons Level 1  
  138  29:30  Corruptor  
  138  29:31  Corruptor  
  132  29:44  Corruptor x2  
  134  30:08  Neural Parasite  
  134  30:27  Infestor x3  
  140  30:28  Infestor  
  140  30:29  Infestor  
  140  30:30  Infestor  
  140  30:31  Infestor  
  148  30:57  Drone x2  
  143  30:58  Drone  
  144  31:06  Burrow  
  144  31:09  Hydralisk x6  
  156  31:21  Spine Crawler  
  156  31:23  Spine Crawler  
  154  31:32  Drone  
  152  31:41  Hydralisk x3  
  139  33:10  Overlord x6  
  126  33:39  Overlord x2  
  118  33:55  Overlord x2  
Tags
 
Add a new tag
Caveats
  • Supply blocks, unpowered buildings, or Contaminate may cause inaccurate times.
  • Supply counts are checked every 10 seconds.